 Dungeon Crawl Stone Soup version bcrawl-1.21.3 (webtiles) character file.

Game seed: 14991535659628629879

711 funkygono the Cudgeler (level 7, -8/73 HPs)
             Began as an Octopode Fighter on Apr 7, 2020.
             Was an Initiate of the Shining One.
             Mangled by Ijyb
             ... wielding a +2 dagger of electrocution
              (17 damage)
             ... on level 5 of the Dungeon.
             The game lasted 00:08:34 (5736 turns).

funkygono the Cudgeler (Octopode Fighter)           Turns: 5736, Time: 00:08:35

Health: -8/73      AC: 23    Str: 17    XL:     7   Next: 68%
Magic:  7/7        EV:  2    Int: 10    God:    the Shining One [......]
Gold:   331        SH: 13    Dex: 12    Spells: 6/6 levels left

rFire    . . .     SeeInvis .   a - +2 flail
rCold    . . .     Gourm    .   k - +0 large shield
rNeg     + + +     Faith    .   (helmet currently unavailable)
rPois    +         Spirit   .   (cloak currently unavailable)
rElec    .         Reflect  .   (no amulet)
rCorr    .         Harm     .   (no ring)
MR       .....     NoTele   +   (no ring)
Stlth    +.........             (no ring)
HPRegen  0.22/turn              (no ring)
MPRegen  0.10/turn              (no ring)
                                (no ring)
                                (no ring)
                                (no ring)

@: tree-form, glowing
A: almost no armour, stealthy swim, (amphibious), 8 rings, (constrict 8)
a: Renounce Religion


You were on level 5 of the Dungeon.
You worshipped the Shining One.
The Shining One was noncommittal.
You were not hungry.
You were a tree.
You visited 2 branches of the dungeon, and saw 6 of its levels.

You collected 331 gold pieces.

Inventory:

Hand Weapons
 a - a +2 flail (weapon)
Missiles
 g - 560 stones (quivered)
Armour
 b - a +1 medium shield
 k - a +0 large shield (worn)
Scrolls
 d - a scroll of fear
 i - 3 scrolls of remove curse
 j - 3 scrolls of teleportation
 l - a scroll of enchant weapon
 m - a scroll of identify
Potions
 c - a potion of might
 f - a potion of resistance
 h - a potion of brilliance
Comestibles
 e - 9 rations {!d}


   Skills:
 + Level 4.3 Fighting
 + Level 5.3 Maces & Flails
 + Level 4.2 Dodging
 + Level 4.9 Stealth
 + Level 4.2 Shields


You had 6 spell levels left.
You didn't know any spells.
Your spell library was empty.

Dungeon Overview and Level Annotations

Branches:
Dungeon (5/12)             Temple (1/1) D:4

Altars:
Ashenzari
Cheibriados
Dithmenos
Fedhas
Gozag
Hepliaklqana
Kikubaaqudgha
Makhleb
Nemelex Xobeh
Okawaru
Qazlal
Ru
Sif Muna
Trog
Vehumet
Wu Jian
Xom
Zin
The Shining One

Annotations:
D:5 Ijyb


Innate Abilities, Weirdness & Mutations

You cannot wear most types of armour.
You are very stealthy in the water. (Stealth+)
((You are amphibious.))
You can wear up to eight rings at the same time.
((You can use your tentacles to constrict eight enemies at once.))
((Your skin changes colour to match your surroundings (Stealth+).))
((Your rubbery body absorbs attacks. (AC +1, EV +1)))


Message History

You are electrocuted!!
* * * LOW HITPOINT WARNING * * *
You hit Ijyb.
Ijyb is heavily wounded.
Ijyb hits you but does no damage.
You are electrocuted!
* * * LOW HITPOINT WARNING * * *
You hit Ijyb.
Ijyb is heavily wounded.
Ijyb screams, "I cut your head off!" Ijyb hits you but does no damage.
You sock Ijyb!
Ijyb is severely wounded.
You block Ijyb's attack.
You hit Ijyb.
Ijyb is almost dead.
Ijyb zaps a wand.
You resist with some effort.
You hit Ijyb but do no damage.
Ijyb is almost dead.
Ijyb hits you but does no damage.
You are electrocuted!
You die...

####### ######.....##
......g♣....#
##...[.._...#
............#########
....................#
........####...####.#
.............#.# #.#
......######...####.#
..##.# ##.#.....# #.#
#. #######.#.#####


You could see Ijyb.

Vanquished Creatures
  A phantom (D:4)
  A wight (D:4)
  A howler monkey (D:4)
  2 crimson imps (D:4)
  2 orc priests (D:3)
  2 hounds (D:4)
  3 orc wizards
  2 worker ants (D:3)
  2 gnolls (D:4)
  7 adders
  2 oozes
  An adder zombie (D:4)
  9 worms
  3 dart slugs
  2 leopard geckos (D:3)
  20 orcs
  9 bats
  3 giant cockroaches
  7 goblins
  10 hobgoblins
  2 jackals (D:3)
  11 kobolds
  A frilled lizard (D:1)
  4 rats
107 creatures vanquished.

Vanquished Creatures (others)
  2 centaurs (D:4)
  A bullfrog (D:4)
  A howler monkey (D:4)
  A worker ant (D:4)
  An adder (D:4)
  A leopard gecko (D:4)
  An orc (D:4)
8 creatures vanquished.

Grand Total: 115 creatures vanquished

Notes
Turn   | Place    | Note
-------+----------+-------------------------------------------
     0 | D:1      | funkygono the Octopode Fighter began the quest for the Orb.
     0 | D:1      | Reached XP level 1. HP: 16/16 MP: 1/1
   232 | D:1      | Reached XP level 2. HP: 21/21 MP: 2/2
   769 | D:1      | Reached XP level 3. HP: 26/26 MP: 3/3
  1432 | D:2      | Reached skill level 1 in Stealth
  1975 | D:2      | Reached XP level 4. HP: 31/31 MP: 4/4
  2317 | D:3      | Reached skill level 3 in Maces & Flails
  2319 | D:3      | Reached XP level 5. HP: 17/37 MP: 5/5
  2672 | D:3      | Found a faded altar of an unknown god.
  2869 | D:3      | Found a blossoming altar of Fedhas.
  2927 | D:3      | Reached XP level 6. HP: 6/43 MP: 6/6
  3189 | D:3      | Found a radiant altar of Vehumet.
  3420 | D:3      | Reached skill level 4 in Maces & Flails
  4081 | D:4      | Found a shimmering altar of Xom.
  4183 | D:4      | Reached XP level 7. HP: 45/48 MP: 7/7
  4254 | D:4      | Found a staircase to the Ecumenical Temple.
  4260 | Temple   | Entered the Ecumenical Temple
  4271 | Temple   | Became a worshipper of the Shining One
  4823 | D:4      | Reached skill level 5 in Maces & Flails
  5140 | D:4      | Found an iron altar of Okawaru.
  5140 | D:4      | Found a bloodstained altar of Trog.
  5406 | D:4      | Found an ancient bone altar of Kikubaaqudgha.
  5676 | D:5      | Entered Level 5 of the Dungeon
  5708 | D:5      | Found an iron altar of Okawaru.
  5710 | D:5      | Noticed Ijyb
  5736 | D:5      | Mangled by Ijyb

Skill      XL: |  1  2  3  4  5  6  7 |
---------------+----------------------+-----
Stealth        | 1 2 3 4 |  4.9
Maces & Flails | 3 4 5 |  5.3
Fighting       | 4 |  4.3
Dodging        | 4 |  4.2
Shields        | 4 |  4.2

Action                   |  1- 3 |  4- 6 |  7- 9 || total
-------------------------+-------+-------+-------++-------
Melee: Flail             |    61 |   128 |    53 ||   242
       Constrict         |    18 |    33 |    10 ||    61
       Tentacles         |     5 |    15 |    10 ||    30
       Unarmed           |       |       |     4 ||     4
  Use: Scroll            |     3 |     8 |       ||    11
 Stab: Sleeping          |    12 |    11 |       ||    23
  Eat: Chunk             |     2 |     8 |     2 ||    12
       Ration            |       |       |     1 ||     1
Armor: Skin              |     3 |     5 |     9 ||    17
Dodge: Dodged            |    18 |    39 |     8 ||    65
Block: Medium shield     |    23 |    52 |       ||    75
       Large shield      |       |       |    25 ||    25
